 Dungeon Crawl Stone Soup version 0.31.0-11-ge490571c62 (webtiles) character file.

Game seed: 17717660004699715884

2767 qw the Skirmisher (level 9, -2/52 HPs)
             Began as a Deep Elf Hunter on Feb 3, 2024.
             Was a Priest of Okawaru.
             Killed by divine providence
             ... invoked by an orc priest
              (16 damage)
             ... on level 6 of the Dungeon.
             The game lasted 00:00:29 (5234 turns).

qw the Skirmisher (Deep Elf Hunter)                 Turns: 5234, Time: 00:00:30

Health: -2/52      AC:  7    Str: 12    XL:     9   Next: 42%
Magic:  14/14      EV: 18    Int: 15    God:    Okawaru [***...]
Gold:   305        SH:  0    Dex: 18    Spells: 8/8 levels left

rFire   . . .        a - +2 shortbow (freeze)
rCold   + . .        (shield currently unavailable)
rNeg    . . .        g - +2 leather armour {rC+}
rPois   .            o - +0 helmet
rElec   .            (no cloak)
rCorr   .            (no gloves)
SInv    .            (no boots)
Will    .....        (no amulet)
Stlth   +++          (no ring)
HPRegen 0.28/turn    (no ring)
MPRegen 0.14/turn

%: no passive effects
@: lethally poisoned (-2 -> -5), heroic
A: no striking features
a: Renounce Religion, Heroism


You were on level 6 of the Dungeon.
You worshipped Okawaru.
Okawaru was most pleased with you.
You visited 2 branches of the dungeon, and saw 7 of its levels.

You collected 305 gold pieces.


   Skills:
 - Level 4.1(9.1) Fighting
 - Level 14.0(19.0) Ranged Weapons
 - Level 1.1(6.1) Armour
 + Level 6.1(11.1) Dodging
 - Level 1.2(6.2) Stealth
 - Level 4.3 Invocations


You had 8 spell levels left.
You didn't know any spells.
Your spell library was empty.

Inventory:

Hand Weapons
 a - a +2 shortbow of freezing (weapon)
Armour
 c - the +0 scale mail of Blue Skies {Harm Str+3}
   (You acquired it on level 1 of the Dungeon)

   Str+3:     It affects your strength (+3).
   Harm:      It increases damage dealt and taken.
 g - a +2 leather armour of cold resistance (worn)
 j - a +0 ring mail
 o - a +0 helmet (worn)
Wands
 e - a wand of paralysis (4)
 l - a wand of roots (19)
Scrolls
 d - 4 scrolls of identify
Potions
 b - a potion of mutation
 f - a potion of cancellation
 h - 4 potions of curing
 m - a potion of enlightenment

Dungeon Overview and Level Annotations

Branches:
Dungeon (6/15)             Temple (1/1) D:5

Altars:
Ashenzari
Dithmenos
Gozag
Kikubaaqudgha
Makhleb
Okawaru
Ru
Sif Muna
Trog
Vehumet
Wu Jian
Xom
Zin
The Shining One

Annotations:
D:3 2 runed translucent doors, qw's ghost, amateur DEHu
D:6 Jeremiah


Message History

The adder closely misses you.
You shoot an arrow.
The arrow hits the orc priest but does no damage.
The orc priest is almost dead.
The adder barely misses you.
The orc priest begins to cast a cantrip, but forgets the words!
You shoot an arrow. The arrow hits the orc priest.
The arrow freezes the orc priest.
The orc priest is moderately wounded.
The adder misses you. The orc priest barely misses you.
The orc priest calls upon Beogh to heal the orc priest.
The orc priest's wounds heal themselves!
You shoot an arrow. The arrow barely misses the orc priest.
The adder bites you but does no damage.
You shoot an arrow. The arrow barely misses the orc priest.
The orc priest hits you with a +0 hand axe.
The orc barely misses you. The adder bites you but does no damage.
You shoot an arrow.
The arrow closely misses the orc priest.
The adder bites you but does no damage.
The orc priest hits you with a +0 hand axe.
The orc hits you but does no damage.
You shoot an arrow. The arrow hits the orc priest.
The arrow freezes the orc priest.
The orc priest is moderately wounded.
The adder bites you.
You are poisoned.
The adder poisons you!
The orc priest hits you but does no damage.
The orc hits you with a +0 dagger.
You shoot an arrow. The arrow barely misses the orc priest.
You feel sick. The adder closely misses you.
You shoot an arrow.
The arrow closely misses the orc priest.
You feel sick.
The orc priest hits you but does no damage.
The orc misses you.
The orc priest calls down the wrath of Beogh upon you.
Beogh smites you!
You die...

#.. ..#
### #
###.+
#>#..)+
##.....+
#....S@#
#...?oo#
#......o#
....)...#
........#
........#
.........
#........


You could see 2 orc priests, an adder and an orc.

Vanquished Creatures
  Grinder (D:3)
  Prince Ribbit (D:5)
  Sigmund (D:6)
  Eustachio (D:5)
  5 yaks (D:5)
  A steam dragon (D:6)
  2 ogres
  2 phantoms (D:5)
  A gnoll sergeant (D:5)
  A scorpion (D:5)
  A bombardier beetle (D:5)
  A jelly (D:5)
  A hound (D:5)
  3 orc priests
  Jessica (D:2)
  5 iguanas
  A sleepcap (D:5)
  Ijyb (D:5)
  Robin (D:4)
  15 gnolls
  8 adders
  2 shadow imps (D:6)
  2 white imps
  2 ufetubi (D:6)
  4 dart slugs
  16 orcs
  2 ball pythons
  5 endoplasms
  6 giant cockroaches
  19 goblins
  12 hobgoblins
  3 jackals (D:4)
  5 quokkas
  4 bats
  5 frilled lizards
  7 kobolds
  8 rats
156 creatures vanquished.

Vanquished Creatures (others)
  An orc wizard (D:6)
1 creature vanquished.

Grand Total: 157 creatures vanquished

Notes
Turn   | Place    | Note
-------+----------+-------------------------------------------
     0 | D:1      | qw the Deep Elf Hunter began the quest for the Orb.
     0 | D:1      | Reached XP level 1. HP: 12/12 MP: 3/3
     0 | D:1      | 0 ||| qw: Version: 0.3-a-155-g5e7d8dd
     0 | D:1      | 0 ||| qw: Game counter: 3163
     0 | D:1      | 0 ||| qw: Melee chars always use a shield: true
     0 | D:1      | 0 ||| qw: God list: Okawaru
     0 | D:1      | 0 ||| qw: Allow faded altars: false
     0 | D:1      | 0 ||| qw: Do Orc after clearing Dungeon:15 true
     0 | D:1      | 0 ||| qw: Do second Lair branch before Depths: true
     0 | D:1      | 0 ||| qw: Lair rune preference: random
     0 | D:1      | 0 ||| qw: Goals: Normal
     0 | D:1      | 0 ||| PLANNING D:1-11
    58 | D:1      | Reached skill level 6 in Ranged Weapons
    58 | D:1      | Reached XP level 2. HP: 16/16 MP: 4/4
    70 | D:1      | 70 ||| READING scroll labelled AQUREM YPPOHYT.
    70 | D:1      | 70 ||| BRANDING +0 shortbow.
   175 | D:1      | Found a faded altar of an unknown god.
   435 | D:1      | Reached XP level 3. HP: 20/20 MP: 5/5
   653 | D:1      | 653 ||| UPGRADING to +0 scale mail.
   663 | D:1      | 663 ||| DROPPING +0 leather armour.
   664 | D:1      | 664 ||| READING scroll labelled EDWAEPPOUVO.
   664 | D:1      | Identified a scroll of acquirement
   664 | D:1      | 664 ||| ACQUIRING +0 scale mail of Blue Skies {Harm Str+3}
   664 | D:1      | Acquired the +0 scale mail of Blue Skies {Harm Str+3}
   666 | D:1      | 666 ||| READING scroll labelled QEMIAFUSAE.
   667 | D:1      | 667 ||| READING scroll labelled YTHOFFAUT.
   668 | D:1      | 668 ||| READING 3 scrolls labelled NUXKI DUWYDGHOCK.
   668 | D:1      | 668 ||| IDENTIFYING cyan potion
   669 | D:1      | 669 ||| READING 2 scrolls of identify.
   669 | D:1      | 669 ||| IDENTIFYING lumpy inky potion
   670 | D:1      | 670 ||| DROPPING scroll of butterflies.
   671 | D:1      | 671 ||| DROPPING potion of lignification.
   714 | D:2      | 714 ||| STAIRDANCE
   755 | D:2      | Identified the +1 whip "Nuacocw Phag" {flame, ^Drain rF++
                  | Int+5}
   770 | D:2      | Reached skill level 7 in Ranged Weapons
   843 | D:2      | 843 ||| RETREEEEATING.
   850 | D:2      | HP: 1/20 [gnoll/+0 flail (8)]
   852 | D:2      | Reached XP level 4. HP: 2/25 MP: 6/6
   852 | D:2      | 852 ||| FLEEEEING.
   853 | D:2      | 853 ||| FLEEEEING.
   854 | D:2      | 854 ||| FLEEEEING.
   855 | D:2      | 855 ||| FLEEEEING.
   856 | D:2      | 856 ||| FLEEEEING.
   857 | D:2      | 857 ||| FLEEEEING.
   858 | D:2      | 858 ||| FLEEEEING.
   859 | D:2      | 859 ||| FLEEEEING.
   860 | D:2      | 860 ||| FLEEEEING.
   861 | D:2      | 861 ||| FLEEEEING.
   862 | D:2      | 862 ||| FLEEEEING.
   863 | D:2      | 863 ||| FLEEEEING.
   864 | D:2      | 864 ||| FLEEEEING.
  1065 | D:2      | Noticed Jessica
  1066 | D:2      | 1066 ||| FLEEEEING.
  1067 | D:2      | 1067 ||| FLEEEEING.
  1070 | D:2      | 1070 ||| FLEEEEING.
  1072 | D:2      | 1072 ||| FLEEEEING.
  1073 | D:2      | 1073 ||| FLEEEEING.
  1074 | D:2      | 1074 ||| FLEEEEING.
  1087 | D:2      | Killed Jessica
  1088 | D:2      | Reached skill level 8 in Ranged Weapons
  1429 | D:2      | 1429 ||| READING scroll of identify.
  1429 | D:2      | 1429 ||| IDENTIFYING fuming dark potion
  1430 | D:2      | 1430 ||| READING scroll labelled LIEB NEIHAPA.
  1475 | D:2      | 1475 ||| READING scroll labelled QUTYFA SUSIPN.
  1475 | D:2      | 1475 ||| ENCHANTING +0 shortbow of freezing.
  1476 | D:2      | 1476 ||| DRINKING 3 bubbling brown potions.
  1477 | D:2      | 1477 ||| DROPPING 2 potions of brilliance.
  1525 | D:3      | Found an ornate altar of the Wu Jian Council.
  1640 | D:3      | Noticed Grinder
  1647 | D:3      | Paralysed by Grinder for 3 turns
  1657 | D:3      | Killed Grinder
  1658 | D:3      | Reached skill level 10 in Ranged Weapons
  1658 | D:3      | Reached XP level 5. HP: 16/29 MP: 7/7
  1658 | D:3      | Reached XP level 6. HP: 19/34 MP: 8/8
  1767 | D:3      | Found a burning altar of Makhleb.
  1835 | D:3      | Found a large runed translucent door.
  1836 | D:3      | Found a large runed translucent door.
  1864 | D:3      | Noticed qw's ghost (amateur DEHu)
  2199 | D:3      | Reached skill level 1 in Armour
  2536 | D:3      | 2536 ||| UPGRADING to +2 leather armour of cold resistance.
  2546 | D:3      | 2546 ||| DROPPING +0 scale mail.
  2547 | D:3      | 2547 ||| READING 3 scrolls of identify.
  2547 | D:3      | 2547 ||| IDENTIFYING yellow potion
  2548 | D:3      | 2548 ||| READING 2 scrolls of identify.
  2548 | D:3      | 2548 ||| IDENTIFYING scroll labelled IPPU DUAMORGH
  2549 | D:3      | 2549 ||| READING scroll of identify.
  2549 | D:3      | 2549 ||| IDENTIFYING scroll labelled AQEIFAYHE
  2550 | D:3      | 2550 ||| DROPPING scroll of silence.
  2551 | D:3      | 2551 ||| DROPPING potion of ambrosia.
  2675 | D:4      | Reached skill level 3 in Dodging
  2693 | D:4      | Reached XP level 7. HP: 40/40 MP: 9/9
  2703 | D:4      | 2703 ||| FLEEEEING.
  2704 | D:4      | 2704 ||| FLEEEEING.
  2705 | D:4      | 2705 ||| FLEEEEING.
  2706 | D:4      | 2706 ||| FLEEEEING.
  2708 | D:4      | 2708 ||| FLEEEEING.
  2709 | D:4      | 2709 ||| FLEEEEING.
  2710 | D:4      | 2710 ||| STAIRDANCE
  2725 | D:3      | 2725 ||| READING 5 scrolls of identify.
  2725 | D:3      | 2725 ||| IDENTIFYING green potion
  3265 | D:4      | Noticed Robin
  3278 | D:4      | Killed Robin
  3281 | D:4      | HP: 6/40 [goblin/+0 dagger[Robin] (5)]
  3282 | D:4      | 3282 ||| READING 2 scrolls of teleportation.
  3282 | D:4      | HP: 2/40 [goblin/+0 dagger[Robin] (3)]
  3661 | D:4      | 3661 ||| UPGRADING to +0 helmet.
  3666 | D:4      | 3666 ||| READING 7 scrolls of identify.
  3666 | D:4      | 3666 ||| IDENTIFYING bubbling sapphire potion
  3667 | D:4      | 3667 ||| READING 6 scrolls of identify.
  3667 | D:4      | 3667 ||| IDENTIFYING murky dark potion
  3668 | D:4      | 3668 ||| READING 5 scrolls of identify.
  3668 | D:4      | 3668 ||| IDENTIFYING scroll labelled PIUCZUC DUKH
  3669 | D:4      | 3669 ||| DROPPING scroll of fog.
  3670 | D:4      | 3670 ||| DROPPING potion of degeneration.
  3675 | D:5      | Entered Level 5 of the Dungeon
  3676 | D:5      | Found a staircase to the Ecumenical Temple.
  3677 | D:5      | 3677 ||| PLANNING TEMPLE
  3694 | Temple   | Entered the Ecumenical Temple
  3695 | Temple   | 3695 ||| PLANNING OKAWARU WORSHIP
  3709 | Temple   | Became a worshipper of Warmaster Okawaru
  3710 | Temple   | 3710 ||| PLANNING D:1-11
  3768 | D:5      | Reached skill level 11 in Ranged Weapons
  3816 | D:5      | 3816 ||| READING scroll of enchant weapon.
  3816 | D:5      | 3816 ||| ENCHANTING +1 shortbow of freezing.
  3819 | D:5      | Noticed Prince Ribbit
  3820 | D:5      | 3820 ||| DRINKING potion of haste.
  3827 | D:5      | 3827 ||| FLEEEEING.
  3840 | D:5      | Killed Prince Ribbit
  3840 | D:5      | Reached * piety under Okawaru
  3955 | D:5      | Found a radiant altar of Vehumet.
  4191 | D:5      | Reached skill level 12 in Ranged Weapons
  4191 | D:5      | Reached skill level 1 in Invocations
  4191 | D:5      | Reached XP level 8. HP: 44/44 MP: 9/11
  4276 | D:5      | Noticed Eustachio
  4291 | D:5      | Killed Eustachio
  4355 | D:5      | Reached skill level 3 in Invocations
  4376 | D:5      | 4376 ||| RETREEEEATING.
  4378 | D:5      | 4378 ||| RETREEEEATING.
  4380 | D:5      | 4380 ||| RETREEEEATING.
  4388 | D:5      | 4388 ||| INVOKING Heroism.
  4391 | D:5      | Reached skill level 3 in Fighting
  4397 | D:5      | Reached ** piety under Okawaru
  4398 | D:5      | Reached skill level 6 in Dodging
  4420 | D:5      | Reached XP level 9. HP: 37/51 MP: 14/14
  4486 | D:5      | Noticed Ijyb
  4494 | D:5      | Killed Ijyb
  4514 | D:5      | Reached skill level 13 in Ranged Weapons
  5087 | D:5      | 5087 ||| READING 6 scrolls of identify.
  5087 | D:5      | 5087 ||| IDENTIFYING dark potion
  5088 | D:5      | 5088 ||| READING 5 scrolls of identify.
  5088 | D:5      | 5088 ||| IDENTIFYING brown potion
  5089 | D:5      | 5089 ||| DROPPING wand of flame (9).
  5188 | D:6      | Reached *** piety under Okawaru
  5189 | D:6      | Reached skill level 14 in Ranged Weapons
  5193 | D:6      | Noticed Jeremiah
  5210 | D:6      | 5210 ||| INVOKING Heroism.
  5214 | D:6      | 5214 ||| ZAPPING wand of paralysis (5) at 0,3 (Jeremiah;
                  | floor).
  5215 | D:6      | HP: 12/49 [Jeremiah/+2 trident of draining (3)]
  5216 | D:6      | 5216 ||| READING scroll of teleportation.
  5217 | D:6      | 5217 ||| DRINKING potion of heal wounds.
  5219 | D:6      | Noticed Sigmund
  5222 | D:6      | Killed Sigmund
  5234 | D:6      | Killed from afar by an orc priest

Levels and vault maps discovered:
D:1:      saegor_arrival_simple_a, layout_loops_ring,
          shapermc_ecumenical_altar_mp_highgroup, serial_glass, glass_columns_a,
          glass_columns_b, nrook_mini_backslash, minmay_worlds_worst_comb
D:2:      wander_river, layout_basic, minmay_tall_x, uniq_jessica
D:3:      kb_forest_paths, layout_basic, mainiacjoe_overflow_24_doors,
          mainiacjoe_overflow_surrounded_room, ebering_ghost_disaster_area,
          uniq_grinder
D:4:      kennysheep_goblin_castle, layout_basic, uniq_robin
D:5:      layout_basic, lemuel_round_altar, minmay_temple_entry_statues_pillars,
          uniq_eustachio, uniq_ijyb, uniq_prince_ribbit1
D:6:      layout_cave_pods, lemuel_zombie_altar_yredelemnul,
          mainiacjoe_overflow_big_doors, serial_demonic, serial_demonic_d,
          serial_demonic_a, serial_demonic_a, serial_demonic_f, uniq_edmund,
          uniq_jeremiah, uniq_sigmund
Temple:   nicolae_temple_bog_church

Skill      XL: |  1  2  3  4  5  6  7  8  9 |
---------------+----------------------------+-----
Ranged Weapons | 6 7 10 12 14 | 14.0
Fighting       | 2 3 4 |  4.1
Armour         | 1 |  1.1
Dodging        | 4 6 |  6.1
Invocations    | 1 4 |  4.3
Stealth        | |  1.2

Action                     |  1- 3 |  4- 6 |  7- 9 || total
---------------------------+-------+-------+-------++-------
   Fire: Shortbow          |    96 |   123 |   310 ||   529
 Invoke: Heroism           |       |       |     2 ||     2
  Evoke: Wand              |       |       |     1 ||     1
    Use: Scroll            |     6 |     6 |     9 ||    21
         Potion            |       |     1 |     2 ||     3
 Armour: Leather armour    |    13 |       |    92 ||   105
         Scale mail        |    14 |    31 |       ||    45
  Dodge: Dodged            |    22 |     8 |   136 ||   166

Table legend:
 A = Non-vault XP
 B = Vault XP
 C = Vault XP percentage of total XP
 D = Non-vault monster count
 E = Vault monster count
 F = Vault count percentage of total count
                 A         B        C        D         E       F
            +---------+---------+-------+---------+---------+-------
      Total |    2725 |    1229 |  31.1 |     112 |      45 |  28.7
            +---------+---------+-------+---------+---------+-------
        D:1 |      40 |      10 |  20.0 |      24 |       5 |  17.2
        D:2 |      97 |      42 |  30.2 |      20 |       4 |  16.7
        D:3 |      77 |     311 |  80.2 |      12 |       7 |  36.8
        D:4 |     270 |      84 |  23.7 |      19 |      20 |  51.3
        D:5 |    1981 |     511 |  20.5 |      30 |       3 |   9.1
        D:6 |     260 |     271 |  51.0 |       7 |       6 |  46.2
            +---------+---------+-------+---------+---------+-------
